 Dungeon Crawl Stone Soup version 0.31.0-11-ge490571c62 (webtiles) character file.

Game seed: 9322559925947920630

265 qw the Shooter (level 5, -2/26 HPs)
             Began as a Spriggan Hunter on Feb 5, 2024.
             Incinerated by a bombardier beetle (3 damage)
             ... with a burning spray
             ... on level 4 of the Dungeon.
             The game lasted 00:01:01 (2944 turns).

qw the Shooter (Spriggan Hunter)                    Turns: 2944, Time: 00:01:02

Health: -2/26      AC:  2    Str:  7    XL:     5   Next: 99%
Magic:  6/6        EV: 20    Int: 11    God:
Gold:   125        SH:  0    Dex: 20    Spells: 4/4 levels left

rFire   . . .        a - +0 shortbow
rCold   + . .        (shield currently unavailable)
rNeg    . . .        c - +0 robe
rPois   .            (helmet restricted)
rElec   .            (no cloak)
rCorr   .            (gloves unavailable)
SInv    +            (boots unavailable)
Will    .....        (no amulet)
Stlth   +            h - ring of protection from cold
HPRegen 0.24/turn    (no ring)
MPRegen 0.10/turn

%: no passive effects
@: on fire, glowing, very quick
A: very small, no large weapons, unfitting armour, see invisible, speed 3
a: no special abilities


You were on level 4 of the Dungeon.
You visited 1 branch of the dungeon, and saw 4 of its levels.

You collected 215 gold pieces.
You spent 90 gold pieces at shops.


Innate Abilities, Weirdness & Mutations

You are very small and have problems with some larger weapons.
You are too small for most types of armour.
You have supernaturally acute eyesight. (SInv)
You cover ground extremely quickly. (Speed+++)


   Skills:
 - Level 2.3 Fighting
 - Level 6.1 Ranged Weapons
 + Level 5.0 Dodging
 - Level 1.5 Stealth


You had 4 spell levels left.
You didn't know any spells.
Your spell library was empty.

Inventory:

Hand Weapons
 a - a +0 shortbow (weapon)
Armour
 c - a +0 robe (worn)
Jewellery
 g - a ring of ice
 h - a ring of protection from cold (left hand)
 k - a +6 ring of dexterity
Scrolls
 f - a scroll of brand weapon {unknown}
 i - a scroll of noise {unknown}
 j - 2 scrolls of identify
Potions
 b - a potion of might
 d - 3 potions of curing
 e - a potion of lignification {unknown}

Dungeon Overview and Level Annotations

Branches:
Dungeon (4/15)
 Temple: D:4-7

Altars:
Trog

Shops:
D:3 !

Annotations:
D:3 4 transporters, qw's ghost, amateur DEHu


Message History

You shoot an arrow. The arrow hits the bombardier beetle!
The bombardier beetle is severely wounded.
You shoot an arrow.
The arrow closely misses the bombardier beetle.
The arrow hits the orc wizard.
The orc wizard is moderately wounded.
The bombardier beetle completely misses you.
You shoot an arrow.
The arrow barely misses the bombardier beetle.
The arrow hits the orc wizard!
The orc wizard is severely wounded.
The bombardier beetle sprays incendiary fluid at you.
The burning spray hits you.
You are covered in liquid fire!
You shoot an arrow.
The arrow barely misses the bombardier beetle.
The arrow closely misses the orc wizard.
The liquid fire burns you!
The orc wizard gestures wildly while chanting.
The orc wizard flickers and vanishes for a moment.
You shoot an arrow. The arrow hits the bombardier beetle.
You kill the bombardier beetle!
The liquid fire burns you!
Your Ranged Weapons skill increases to level 6!
You shoot an arrow.
The arrow closely misses the orc wizard.
The arrow hits the orc but does no damage.
The liquid fire burns you! The orc wizard closely misses you.
The orc wizard casts a spell at you.
You easily resist.
You shoot an arrow. The arrow barely misses the orc wizard.
The arrow hits the orc!
You kill the orc!
The liquid fire burns you! The orc wizard barely misses you.
You shoot an arrow. The arrow hits the orc wizard!
You kill the orc wizard!
The liquid fire burns you!
You die...

.........#.#........######.#
#.# .........#[#..).....#
#.# #.#
.........#.#........#
#.###.#
.........'.#......###
#.....# ###....:.####'#####
####### # #...........####
####.............#
..##.####.######.# #.##.#
#.# #@# #....####.# #)#
####>.....# )$# ....#######
.### ###.# .. ..#.# .. .##.#
... .##.# #.. ....#


There were no monsters in sight!

Vanquished Creatures
  A bombardier beetle (D:4)
  A jelly (D:4)
  Terence (D:3)
  Natasha (D:2)
  An orc wizard (D:4)
  Robin (D:2)
  2 adders
  3 ribbon worms
  2 dart slugs
  6 orcs
  11 ball pythons
  5 bats
  10 endoplasms
  2 giant cockroaches
  14 goblins
  15 hobgoblins
  4 jackals (D:3)
  4 quokkas
  2 frilled lizards
  5 kobolds
  8 rats
99 creatures vanquished.

Notes
Turn   | Place    | Note
-------+----------+-------------------------------------------
     0 | D:1      | qw the Spriggan Hunter began the quest for the Orb.
     0 | D:1      | Reached XP level 1. HP: 10/10 MP: 2/2
     0 | D:1      | 0 ||| qw: Version: 0.3-a-160-g6735b56
     0 | D:1      | 0 ||| qw: Game counter: 6542
     0 | D:1      | 0 ||| qw: Melee chars always use a shield: true
     0 | D:1      | 0 ||| qw: God list: Okawaru
     0 | D:1      | 0 ||| qw: Allow faded altars: false
     0 | D:1      | 0 ||| qw: Do Orc after clearing Dungeon:15 true
     0 | D:1      | 0 ||| qw: Do second Lair branch before Depths: true
     0 | D:1      | 0 ||| qw: Lair rune preference: random
     0 | D:1      | 0 ||| qw: Goals: Normal
     0 | D:1      | 0 ||| PLANNING D:1-11
    57 | D:1      | Reached skill level 3 in Dodging
   121 | D:1      | Reached XP level 2. HP: 14/14 MP: 3/3
   715 | D:1      | Reached XP level 3. HP: 18/18 MP: 4/4
   948 | D:1      | 948 ||| UPGRADING to ring of protection from cold.
   949 | D:1      | 949 ||| READING 3 scrolls labelled WOUKAR LY RYS.
   949 | D:1      | 949 ||| IDENTIFYING 2 green potions
   950 | D:1      | 950 ||| READING 2 scrolls of identify.
   950 | D:1      | 950 ||| IDENTIFYING scroll labelled VAPNIN ZOIFEULL
   951 | D:1      | 951 ||| DROPPING scroll of butterflies.
   952 | D:1      | 952 ||| DROPPING 2 potions of invisibility.
   953 | D:1      | 953 ||| DROPPING scroll of amnesia.
  1266 | D:2      | Noticed Natasha
  1269 | D:2      | Killed Natasha
  1270 | D:2      | Reached skill level 5 in Ranged Weapons
  1270 | D:2      | Reached XP level 4. HP: 22/22 MP: 5/5
  1617 | D:2      | 1617 ||| FLEEEEING.
  1618 | D:2      | 1618 ||| FLEEEEING.
  1629 | D:2      | Noticed Robin
  1636 | D:2      | Killed Robin
  1846 | D:2      | 1846 ||| READING 2 scrolls of identify.
  1846 | D:2      | 1846 ||| IDENTIFYING bubbling brown potion
  1847 | D:2      | 1847 ||| READING scroll of identify.
  1847 | D:2      | 1847 ||| IDENTIFYING scroll labelled XUZXEV RAOGEF
  1848 | D:2      | 1848 ||| DROPPING scroll of revelation.
  1954 | D:3      | HP: 5/23 [frozen (2)]
  2030 | D:3      | Noticed Terence
  2041 | D:3      | Killed Terence
  2042 | D:3      | Reached XP level 5. HP: 26/26 MP: 6/6
  2045 | D:3      | Found Teameb's Distillery.
  2059 | D:3      | 2059 ||| BUYING potion of curing (30 gold).
  2059 | D:3      | Bought a potion of curing for 30 gold pieces
  2059 | D:3      | 2059 ||| BUYING potion of curing (30 gold).
  2059 | D:3      | Bought a potion of curing for 30 gold pieces
  2059 | D:3      | 2059 ||| BUYING potion of curing (30 gold).
  2059 | D:3      | Bought a potion of curing for 30 gold pieces
  2059 | D:3      | 2059 ||| SHOPLISTING potion of curing (30 gold, have 25).
  2059 | D:3      | 2059 ||| SHOPLISTING potion of enlightenment (50 gold, have
                  | 25).
  2059 | D:3      | 2059 ||| SHOPLISTING potion of haste (100 gold, have 25).
  2059 | D:3      | 2059 ||| SHOPLISTING potion of heal wounds (50 gold, have
                  | 25).
  2108 | D:3      | Found a bloodstained altar of Trog.
  2339 | D:3      | Noticed qw's ghost (amateur DEHu)
  2343 | D:3      | Found a transporter.
  2380 | D:3      | Found a faded altar of an unknown god.
  2445 | D:3      | Identified the +4 scale mail of Giqiediy {Str+3}
  2448 | D:3      | Found a transporter.
  2455 | D:3      | Found a transporter.
  2497 | D:3      | Found a transporter.
  2942 | D:4      | Reached skill level 6 in Ranged Weapons
  2943 | D:4      | HP: 1/26 [burnt (6)]
  2944 | D:4      | Incinerated by a bombardier beetle

Levels and vault maps discovered:
D:1:      dpeg_arrival_round_a, layout_basic, corexii_item_surrounded_by_moat
D:2:      layout_basic, grunt_ministairs_13, uniq_natasha, uniq_robin
D:3:      gammafunk_steamed_eel, layout_loops_ring, trog_butcher_becter,
          shapermc_ecumenical_altar_flowoftime, gammafunk_ghost_arena,
          serial_shops, nicolae_shop_tiny_glass, uniq_terence
D:4:      layout_basic, temple_green

Skill      XL: |  1  2  3  4  5 |
---------------+----------------+-----
Dodging        | 3 4 5 |  5.0
Ranged Weapons | 5 6 |  6.1
Fighting       | 2 |  2.3
Stealth        | |  1.5

Action                     |  1- 3 |  4- 6 || total
---------------------------+-------+-------++-------
   Fire: Shortbow          |    98 |   163 ||   261
    Use: Scroll            |     2 |     2 ||     4
 Armour: Robe              |     7 |    23 ||    30
  Dodge: Dodged            |    28 |    96 ||   124

Table legend:
 A = Non-vault XP
 B = Vault XP
 C = Vault XP percentage of total XP
 D = Non-vault monster count
 E = Vault monster count
 F = Vault count percentage of total count
                 A         B        C        D         E       F
            +---------+---------+-------+---------+---------+-------
      Total |     294 |     120 |  29.0 |      79 |      20 |  20.2
            +---------+---------+-------+---------+---------+-------
        D:1 |      44 |       0 |   0.0 |      26 |       0 |   0.0
        D:2 |      27 |      75 |  73.5 |      17 |      15 |  46.9
        D:3 |      56 |      45 |  44.6 |      20 |       5 |  20.0
        D:4 |     167 |       0 |   0.0 |      16 |       0 |   0.0
            +---------+---------+-------+---------+---------+-------
